[Event "Cracovia Festival-A 2023"]
[Site "Krakow"]
[Date "2023.12.31"]
[Round "5.16"]
[White "Klepek, Witold"]
[Black "Kulkarni Bhakti"]
[Result "0-1"]
[ECO "C07"]
[WhiteElo "2252"]
[BlackElo "2364"]
[Annotator "RC"]
[PlyCount "68"]
[EventDate "2023.12.24"]
[EventType "swiss"]
[EventCountry "POL"]
[SourceTitle "playchess.com"]
[Source "ChessBase"]
[SourceQuality "1"]
[TimeControl "40/5400+30:1800+30"]

1. e4 e6 2. d4 d5 3. Nd2 c5 4. Ngf3 cxd4 5. exd5 Qxd5 6. Bc4 Qd7 7. O-O Nc6 8. Re1 a6 9. Nb3 Bb4 10. Bd2 Be7 11. Bf4 b5 12. Bf1 Nf6 13. Nbxd4 Nxd4 14. Nxd4 Bb7 15. c3 O-O 16. Qd3 Rad8 17. Rad1 Nd5 18. Bc1 Qc7 19. Qh3 Nf4 20. Qg4 Bd6 21. Nc2 f5 22. Qh4 Ng6 23. Qh3 e5 24. Bg5 Rd7 25. Ne3 h6 26. Qh5 Kh7 27. Bxh6 gxh6 28. Nxf5 Rxf5 29. Qxf5 e4 30. g3 Rf7 31. Qh5 Bc5 32. Re2 Qb6 33. Rdd2 e3 34. b4 exf2+ 0-1

[Event "Cracovia Festival-A 2023"]
[Site "Krakow"]
[Date "2023.12.31"]
[Round "5.17"]
[White "Aakash Sharadchandra, Dalvi"]
[Black "Anwesh, Upadhyaya"]
[Result "1-0"]
[ECO "D43"]
[WhiteElo "2130"]
[BlackElo "2350"]
[Annotator "RC"]
[PlyCount "81"]
[EventDate "2023.12.24"]
[EventType "swiss"]
[EventCountry "POL"]
[SourceTitle "playchess.com"]
[Source "ChessBase"]
[SourceQuality "1"]
[TimeControl "40/5400+30:1800+30"]

1. d4 d5 2. c4 c6 3. Nf3 Nf6 4. Nc3 e6 5. Bg5 h6 6. Bh4 dxc4 7. e4 g5 8. Bg3 b5 9. Be2 Bb7 10. h4 g4 11. Ne5 Nbd7 12. Nxd7 Qxd7 13. Be5 Qe7 14. Bxg4 Rg8 15. Bf3 O-O-O 16. O-O Nd7 17. Bg3 Bg7 18. b3 Ne5 19. d5 b4 20. Na4 cxd5 21. exd5 Nxf3+ 22. Qxf3 Bxa1 23. Rxa1 c3 24. Qe3 Rxg3 25. fxg3 Bxd5 26. a3 a5 27. axb4 axb4 28. Kh2 Bc6 29. Qb6 Qb7 30. Qc5 Kb8 31. Nb6 Qc7 32. Qxb4 Bb7 33. Nc4 c2 34. Rc1 Rd3 35. Qf8+ Bc8 36. Qb4+ Bb7 37. Qf8+ Bc8 38. Qg7 Rxb3 39. Rxc2 Rb4 40. Ne3 Qa7 41. Rxc8+ 1-0

[Event "Cracovia Festival-A 2023"]
[Site "Krakow"]
[Date "2023.12.31"]
[Round "5.18"]
[White "Kucza, Karol"]
[Black "Balint, Peter"]
[Result "0-1"]
[ECO "C89"]
[WhiteElo "2343"]
[BlackElo "2187"]
[Annotator "RC"]
[PlyCount "70"]
[EventDate "2023.12.24"]
[EventType "swiss"]
[EventCountry "POL"]
[SourceTitle "playchess.com"]
[Source "ChessBase"]
[SourceQuality "1"]
[TimeControl "40/5400+30:1800+30"]

1. e4 e5 2. Nf3 Nc6 3. Bb5 a6 4. Ba4 Nf6 5. O-O Be7 6. Re1 b5 7. Bb3 O-O 8. c3 d5 9. exd5 Nxd5 10. Nxe5 Nxe5 11. Rxe5 Bb7 12. Qf3 Bd6 13. Bxd5 c6 14. Re1 cxd5 15. d4 Qc7 16. g3 Rae8 17. Rxe8 Rxe8 18. Be3 b4 19. a3 a5 20. axb4 axb4 21. Kg2 Bc8 22. cxb4 Bxb4 23. Bd2 Bf8 24. Bc3 Be6 25. Nd2 Qd7 26. Nf1 Bg4 27. Qd3 Be2 28. Qd2 Qg4 29. Qf4 Qh5 30. Ne3 Bd3 31. Re1 f5 32. f3 g5 33. Qc7 g4 34. fxg4 fxg4 35. Qd7 Rxe3 0-1

[Event "Cracovia Festival-A 2023"]
[Site "Krakow"]
[Date "2023.12.31"]
[Round "5.19"]
[White "Vasynda, Oleksandr"]
[Black "Dubnevych, Maksym"]
[Result "1/2-1/2"]
[ECO "E16"]
[WhiteElo "2153"]
[BlackElo "2340"]
[Annotator "RC"]
[PlyCount "57"]
[EventDate "2023.12.24"]
[EventType "swiss"]
[EventCountry "POL"]
[SourceTitle "playchess.com"]
[Source "ChessBase"]
[SourceQuality "1"]
[TimeControl "40/5400+30:1800+30"]

1. d4 Nf6 2. Nf3 e6 3. c4 Bb4+ 4. Bd2 Qe7 5. a3 Bxd2+ 6. Nbxd2 d6 7. g3 e5 8. dxe5 dxe5 9. e4 a5 10. Bg2 O-O 11. O-O Rd8 12. Qc2 Nbd7 13. Rfd1 Nc5 14. Nf1 Bg4 15. Ne3 Bxf3 16. Bxf3 c6 17. Nf5 Qc7 18. Kg2 a4 19. Rxd8+ Rxd8 20. Rd1 Rxd1 21. Qxd1 g6 22. Nh6+ Kg7 23. Ng4 Ng8 24. Qd2 h5 25. Ne3 Qd7 26. Qxd7 Nxd7 27. Bd1 Nc5 28. Bc2 Nf6 29. f3 1/2-1/2

[Event "Cracovia Festival-A 2023"]
[Site "Krakow"]
[Date "2023.12.31"]
[Round "5.20"]
[White "Janzelj, Tim"]
[Black "Fodor, Balazs"]
[Result "1/2-1/2"]
[ECO "A05"]
[WhiteElo "2441"]
[BlackElo "2225"]
[Annotator "RC"]
[PlyCount "143"]
[EventDate "2023.12.24"]
[EventType "swiss"]
[EventCountry "POL"]
[SourceTitle "playchess.com"]
[Source "ChessBase"]
[SourceQuality "1"]
[TimeControl "40/5400+30:1800+30"]

1. Nf3 Nf6 2. g3 g6 3. b3 Bg7 4. Bb2 O-O 5. Bg2 c5 6. c4 d6 7. d4 d5 8. Nbd2 dxc4 9. Nxc4 Nc6 10. dxc5 Be6 11. O-O Bxc4 12. bxc4 Qa5 13. Nd4 Nxd4 14. Bxd4 Rad8 15. Qd3 Ne8 16. e3 b6 17. cxb6 axb6 18. Qe4 Nd6 19. Qxe7 Nf5 20. Qb7 Nxd4 21. exd4 Bxd4 22. Bd5 Bxa1 23. Rxa1 Rb8 24. Qe7 Qc5 25. Qxc5 bxc5 26. a4 Rfe8 27. a5 Re7 28. a6 Ra7 29. Ra5 Rb4 30. Kg2 Kg7 31. Kf3 f5 32. h4 h6 33. Ke3 Kf6 34. Kd3 Ke5 35. Rxc5 Rb3+ 36. Kc2 Rb6 37. Bb7+ Kd4 38. Rb5 Rbxa6 39. Bxa6 Rxa6 40. Kb3 Ra1 41. Rd5+ Ke4 42. Rd2 g5 43. hxg5 hxg5 44. c5 Rc1 45. Kb4 f4 46. gxf4 gxf4 47. Kb5 Rb1+ 48. Ka6 Ra1+ 49. Kb6 Rb1+ 50. Kc7 f3 51. c6 Re1 52. Kb6 Re2 53. c7 Rxd2 54. c8=Q Rxf2 55. Qc4+ Ke3 56. Qc5+ Ke2 57. Kc6 Kf1 58. Qf5 Rc2+ 59. Kd5 Rc5+ 60. Kxc5 f2 61. Qg4 Ke1 62. Qg3 Ke2 63. Qh2 Kf3 64. Qh1+ Ke2 65. Qe4+ Kf1 66. Qg6 Ke2 67. Qc2+ Kf3 68. Qc4 Kg2 69. Qg4+ Kh1 70. Qh3+ Kg1 71. Qg3+ Kh1 72. Qxf2 1/2-1/2

[Event "Cracovia Festival-A 2023"]
[Site "Krakow"]
[Date "2023.12.31"]
[Round "5.21"]
[White "Keinanen, Anastasia"]
[Black "Niedbala, Bartlomiej"]
[Result "1-0"]
[ECO "B03"]
[WhiteElo "2227"]
[BlackElo "2393"]
[Annotator "RC"]
[PlyCount "69"]
[EventDate "2023.12.24"]
[EventType "swiss"]
[EventCountry "POL"]
[SourceTitle "playchess.com"]
[Source "ChessBase"]
[SourceQuality "1"]
[TimeControl "40/5400+30:1800+30"]

1. e4 Nf6 2. e5 Nd5 3. d4 d6 4. c4 Nb6 5. f4 g6 6. Be3 Bg7 7. Nc3 Be6 8. Nf3 O-O 9. b3 dxe5 10. fxe5 c5 11. d5 Bg4 12. Bxc5 N8d7 13. Bd4 Bxf3 14. gxf3 Nxe5 15. Bg2 e6 16. O-O Qh4 17. f4 Ned7 18. Bxg7 Kxg7 19. d6 Rab8 20. Ne4 Kg8 21. Qd2 Rfe8 22. Rae1 Qh6 23. a4 Qg7 24. a5 Nc8 25. b4 a6 26. Nc5 Nxc5 27. bxc5 Na7 28. Rb1 f5 29. d7 Red8 30. c6 Qe7 31. c7 Qc5+ 32. Qf2 Qxc7 33. Qxa7 Rxd7 34. c5 Rd2 35. c6 1-0

[Event "Cracovia Festival-A 2023"]
[Site "Krakow"]
[Date "2023.12.31"]
[Round "5.22"]
[White "Karolczuk, Iwo"]
[Black "Eke, Salih"]
[Result "1/2-1/2"]
[ECO "B31"]
[WhiteElo "2365"]
[BlackElo "2217"]
[Annotator "RC"]
[PlyCount "119"]
[EventDate "2023.12.24"]
[EventType "swiss"]
[EventCountry "POL"]
[SourceTitle "playchess.com"]
[Source "ChessBase"]
[SourceQuality "1"]
[TimeControl "40/5400+30:1800+30"]

1. e4 c5 2. Nf3 Nc6 3. Bb5 g6 4. Bxc6 bxc6 5. O-O Bg7 6. Re1 Qc7 7. h3 d6 8. Na3 e5 9. c3 Ne7 10. d4 cxd4 11. cxd4 O-O 12. dxe5 dxe5 13. Be3 h6 14. Bc5 Rd8 15. Qa4 Be6 16. Nc4 Nc8 17. Qa5 Nb6 18. Ncxe5 Bxe5 19. Nxe5 Qxe5 20. Bxb6 Qxa5 21. Bxa5 Rd4 22. a3 c5 23. Bc3 Rd3 24. f4 Rad8 25. Kf2 Bb3 26. Re2 Bd1 27. Re1 Bb3 28. Re3 c4 29. Rae1 Kf8 30. f5 h5 31. Kf3 Ke7 32. g3 Bc2 33. Kf4 Rxe3 34. Rxe3 Rd3 35. Rxd3 Bxd3 36. g4 hxg4 37. hxg4 gxf5 38. gxf5 f6 39. e5 fxe5+ 40. Kxe5 Kf7 41. f6 Bc2 42. Ba5 Bb3 43. Bc7 Bc2 44. Bd8 Bb3 45. Ba5 Bc2 46. Bb4 Bd1 47. Be1 Bc2 48. Bc3 Bb3 49. Ba5 Bc2 50. Bc7 Bd1 51. Bd8 Bb3 52. Kd4 a5 53. Bxa5 Kxf6 54. Kc5 Ke6 55. Kb5 Kd7 56. Bb6 Kc8 57. a4 Kb7 58. a5 Ka8 59. a6 Ba2 60. Kb4 1/2-1/2

[Event "Cracovia Festival-A 2023"]
[Site "Krakow"]
[Date "2023.12.31"]
[Round "5.23"]
[White "Skytte, Rasmus"]
[Black "Valiyev, Shahin"]
[Result "1-0"]
[ECO "B23"]
[WhiteElo "2337"]
[BlackElo "2158"]
[Annotator "RC"]
[PlyCount "71"]
[EventDate "2023.12.24"]
[EventType "swiss"]
[EventCountry "POL"]
[SourceTitle "playchess.com"]
[Source "ChessBase"]
[SourceQuality "1"]
[TimeControl "40/5400+30:1800+30"]

1. e4 c5 2. Nc3 d6 3. f4 g6 4. Nf3 Bg7 5. Bb5+ Bd7 6. Bc4 Nc6 7. d3 e6 8. f5 exf5 9. Nb5 Qb8 10. Bf4 Ne5 11. exf5 Bxf5 12. Qe2 Ne7 13. Nxd6+ Qxd6 14. Bxe5 Bxe5 15. Qxe5 Qxe5+ 16. Nxe5 Rf8 17. O-O f6 18. Bb5+ Kd8 19. Nf3 a6 20. Ba4 Bd7 21. Bb3 Nc6 22. Ng5 h5 23. Nh7 Rh8 24. Nxf6 Bf5 25. Rae1 Nd4 26. Ne4 Rc8 27. Nd6 Rc7 28. Nf7+ Rxf7 29. Bxf7 Nxc2 30. Rc1 Nb4 31. Rxc5 Nxd3 32. Rd1 Ke7 33. Rc7+ Kf6 34. Rxb7 Rc8 35. Bd5 Rc2 36. Rf7+ 1-0

[Event "Cracovia Festival-A 2023"]
[Site "Krakow"]
[Date "2023.12.31"]
[Round "5.24"]
[White "Dziewonski, Dariusz"]
[Black "Berin, Artem"]
[Result "1-0"]
[ECO "E08"]
[WhiteElo "2224"]
[BlackElo "2321"]
[Annotator "RC"]
[PlyCount "113"]
[EventDate "2023.12.24"]
[EventType "swiss"]
[EventCountry "POL"]
[SourceTitle "playchess.com"]
[Source "ChessBase"]
[SourceQuality "1"]
[TimeControl "40/5400+30:1800+30"]

1. Nf3 e6 2. g3 d5 3. Bg2 Nf6 4. O-O Be7 5. d4 O-O 6. c4 Nbd7 7. Qc2 a5 8. Rd1 h6 9. Bf4 dxc4 10. Qxc4 Nd5 11. Ne5 g5 12. Bd2 N7b6 13. Qc2 Nb4 14. Bxb4 axb4 15. Ng6 Re8 16. Nxe7+ Qxe7 17. Nd2 e5 18. d5 Bg4 19. Rdc1 Rec8 20. Nc4 Nxc4 21. Qxc4 Bd7 22. Qc5 Qd6 23. Rc4 b5 24. Qxd6 cxd6 25. Rxb4 Rc2 26. Bf1 Ra4 27. Rxa4 bxa4 28. Rb1 Bf5 29. f3 e4 30. g4 Bg6 31. Kf2 exf3 32. Kxf3 a3 33. e4 axb2 34. Bd3 Rxh2 35. a4 h5 36. a5 hxg4+ 37. Ke3 Kg7 38. a6 Rh8 39. Rxb2 Ra8 40. Rb7 Kf6 41. a7 g3 42. Rd7 g2 43. Kf2 Ke5 44. Bb5 Bxe4 45. Bc6 Rh8 46. Re7+ Kd4 47. a8=Q Rxa8 48. Bxa8 f5 49. Re6 Kc5 50. Rg6 g4 51. Re6 Bf3 52. Rf6 Be4 53. Kg1 g3 54. Rg6 Kd4 55. Rxd6 f4 56. Re6 Bf5 57. Kxg2 1-0

[Event "Cracovia Festival-A 2023"]
[Site "Krakow"]
[Date "2023.12.31"]
[Round "5.25"]
[White "Luczak, Filip"]
[Black "Pyrig, Roman"]
[Result "1/2-1/2"]
[ECO "A00"]
[WhiteElo "2319"]
[BlackElo "2154"]
[Annotator "RC"]
[PlyCount "122"]
[EventDate "2023.12.24"]
[EventType "swiss"]
[EventCountry "POL"]
[SourceTitle "playchess.com"]
[Source "ChessBase"]
[SourceQuality "1"]
[TimeControl "40/5400+30:1800+30"]

1. g3 d5 2. Bg2 Nf6 3. d3 c5 4. e4 dxe4 5. dxe4 Qxd1+ 6. Kxd1 Nc6 7. c3 e5 8. f3 Be6 9. Kc2 O-O-O 10. Bh3 Bxh3 11. Nxh3 h6 12. Be3 Be7 13. Nf2 b6 14. Nd2 Ne8 15. h4 Nd6 16. h5 f5 17. Rae1 Rhf8 18. exf5 Rxf5 19. Nfe4 Nxe4 20. fxe4 Rf7 21. Ref1 Rdf8 22. Kd3 Kd7 23. Rxf7 Rxf7 24. a3 Na5 25. b4 Nb7 26. Kc4 Kc6 27. b5+ Kd6 28. a4 Ke6 29. Kd3 Na5 30. Rf1 c4+ 31. Kc2 Bf6 32. Rf5 Rc7 33. g4 Nb7 34. Rf1 Nd6 35. Rb1 Nb7 36. Kd1 Be7 37. Ke2 Bc5 38. Bxc5 Nxc5 39. Rb4 Rf7 40. Rxc4 Rf4 41. a5 Kd6 42. axb6 axb6 43. Rb4 Rxg4 44. Nc4+ Kc7 45. Nxe5 Rxe4+ 46. Rxe4 Nxe4 47. Kd3 Nf6 48. c4 Nxh5 49. Ke4 Kd6 50. Nd3 g5 51. Kf5 Nf4 52. Ne5 Ke7 53. Nc6+ Kd7 54. Ne5+ Ke8 55. Ng4 h5 56. Nf6+ Ke7 57. Kxg5 Ne6+ 58. Kf5 Nd4+ 59. Kg5 Nf3+ 60. Kf5 h4 61. Nd5+ Kd6 1/2-1/2

[Event "Cracovia Festival-A 2023"]
[Site "Krakow"]
[Date "2023.12.31"]
[Round "5.26"]
[White "Suder, Jakub"]
[Black "Gorkiewicz, Mateusz"]
[Result "1-0"]
[ECO "D35"]
[WhiteElo "2312"]
[BlackElo "2147"]
[Annotator "RC"]
[PlyCount "79"]
[EventDate "2023.12.24"]
[EventType "swiss"]
[EventCountry "POL"]
[SourceTitle "playchess.com"]
[Source "ChessBase"]
[SourceQuality "1"]
[TimeControl "40/5400+30:1800+30"]

1. d4 Nf6 2. c4 e6 3. Nc3 d5 4. cxd5 exd5 5. Bg5 Be7 6. e3 Nbd7 7. Bd3 c6 8. Nge2 Nh5 9. Bxe7 Qxe7 10. g4 Nhf6 11. Ng3 Nb6 12. g5 Nfd7 13. h4 Nf8 14. Qe2 Bd7 15. O-O-O O-O-O 16. Kb1 h6 17. gxh6 Rxh6 18. h5 g6 19. Rc1 Qf6 20. a4 Kb8 21. a5 Nc8 22. Qc2 Qd6 23. Qb3 Ka8 24. a6 b6 25. e4 dxe4 26. Bxe4 Ne6 27. Nb5 Qf4 28. d5 Nc5 29. Rxc5 bxc5 30. Rh4 c4 31. Qb4 Qe5 32. dxc6 Bf5 33. Nd4 Nb6 34. Ngxf5 Kb8 35. Nf3 Qe6 36. c7+ Kxc7 37. Qc5+ Kb8 38. N3d4 Na4 39. Nc6+ Kc8 40. Nxa7+ 1-0

[Event "Cracovia Festival-A 2023"]
[Site "Krakow"]
[Date "2023.12.31"]
[Round "5.27"]
[White "Fishchuk, Vladyslav"]
[Black "Kowalczyk, Pawel"]
[Result "0-1"]
[ECO "D30"]
[WhiteElo "2198"]
[BlackElo "2295"]
[Annotator "RC"]
[PlyCount "102"]
[EventDate "2023.12.24"]
[EventType "swiss"]
[EventCountry "POL"]
[SourceTitle "playchess.com"]
[Source "ChessBase"]
[SourceQuality "1"]
[TimeControl "40/5400+30:1800+30"]

1. d4 d5 2. c4 e6 3. Nf3 a6 4. Bg5 f6 5. Bd2 dxc4 6. e3 b5 7. a4 Bb7 8. axb5 axb5 9. Rxa8 Bxa8 10. b3 c5 11. bxc4 b4 12. Bd3 Bd6 13. e4 cxd4 14. Nxd4 Be5 15. Qa4+ Kf7 16. Qxa8 Qxd4 17. Ke2 Ne7 18. Be3 Qb2+ 19. Nd2 Rd8 20. Qa4 Nbc6 21. Rb1 Qa3 22. Qc2 Bc3 23. c5 Bxd2 24. Kxd2 Ne5 25. Rb3 Qa1 26. f4 Nxd3 27. Rxd3 Ra8 28. Bd4 Qh1 29. Ke3 Qxh2 30. Qf2 Qh1 31. Bb2 Qb1 32. Qd2 Ra2 33. Rb3 Qg1+ 34. Qf2 Qxf2+ 35. Kxf2 Nc6 36. Ke1 Ra5 37. Rd3 Rxc5 38. Rd7+ Kg6 39. g4 Rc2 40. Rd6 Kf7 41. Kd1 Rxb2 42. Rxc6 Rg2 43. Rc7+ Kg6 44. f5+ exf5 45. gxf5+ Kh6 46. Rb7 b3 47. Rxb3 Kg5 48. Rh3 h5 49. Ke1 Rg4 50. Re3 Kf4 51. Re2 Ke5 0-1

[Event "Cracovia Festival-A 2023"]
[Site "Krakow"]
[Date "2023.12.31"]
[Round "5.28"]
[White "Selbes, Tamer Tarik"]
[Black "Nemsadze, Daviti"]
[Result "1/2-1/2"]
[ECO "B40"]
[WhiteElo "2185"]
[BlackElo "2253"]
[Annotator "RC"]
[PlyCount "75"]
[EventDate "2023.12.24"]
[EventType "swiss"]
[EventCountry "POL"]
[SourceTitle "playchess.com"]
[Source "ChessBase"]
[SourceQuality "1"]
[TimeControl "40/5400+30:1800+30"]

1. e4 c5 2. Nf3 e6 3. d3 Nc6 4. g3 g6 5. Bg2 Bg7 6. O-O Nge7 7. c3 e5 8. a3 d6 9. b4 a6 10. Be3 b6 11. h3 O-O 12. d4 exd4 13. cxd4 cxb4 14. Nbd2 d5 15. Ne5 Nxe5 16. dxe5 Bxe5 17. Bh6 Re8 18. axb4 Bb7 19. Nf3 Bh8 20. e5 Nc6 21. Re1 Nxe5 22. Nxe5 Rxe5 23. Ra3 Rxe1+ 24. Qxe1 a5 25. Kh2 a4 26. b5 Qd7 27. Qb4 Qd8 28. Rxa4 Bf6 29. h4 Rxa4 30. Qxa4 Bc8 31. Qa8 d4 32. Bd5 d3 33. Qa2 Qd7 34. Qa3 Bh8 35. Qa2 Qd8 36. Bg2 Bf6 37. Qa8 Be6 38. Qb7 1/2-1/2

[Event "Cracovia Festival-A 2023"]
[Site "Krakow"]
[Date "2023.12.31"]
[Round "5.30"]
[White "Buchenau, Frank"]
[Black "Piekielny, Pawel"]
[Result "1/2-1/2"]
[ECO "B10"]
[WhiteElo "2135"]
[BlackElo "2250"]
[Annotator "RC"]
[PlyCount "135"]
[EventDate "2023.12.24"]
[EventType "swiss"]
[EventCountry "POL"]
[SourceTitle "playchess.com"]
[Source "ChessBase"]
[SourceQuality "1"]
[TimeControl "40/5400+30:1800+30"]

1. e4 c6 2. Nf3 d5 3. d3 Qc7 4. Nc3 dxe4 5. Nxe4 Nf6 6. Be2 Bf5 7. Ng3 Bg6 8. O-O e6 9. Nh4 Bd6 10. b3 Nbd7 11. Bb2 O-O 12. Nxg6 hxg6 13. c4 c5 14. Qc2 Rad8 15. Rfd1 Be5 16. d4 cxd4 17. Bxd4 Bxd4 18. Rxd4 Ne5 19. Rad1 Nc6 20. Rxd8 Rxd8 21. Rxd8+ Qxd8 22. Bf3 Nd4 23. Qd3 b6 24. h4 a5 25. Kf1 Qd7 26. Ne4 Nxe4 27. Qxe4 Qd6 28. g3 Kh7 29. h5 f5 30. hxg6+ Kxg6 31. Qa8 Kh7 32. Kg2 Qe5 33. Qe8 f4 34. gxf4 Qxf4 35. Qh5+ Kg8 36. Qe8+ Qf8 37. Qxf8+ Kxf8 38. Bd1 Ke7 39. f4 Kf6 40. Kf2 e5 41. Ke3 Kf5 42. a3 Nc6 43. Bc2+ Ke6 44. Be4 exf4+ 45. Kxf4 Ne5 46. Kg5 Kd6 47. Kf5 a4 48. bxa4 Nxc4 49. Kg6 Nxa3 50. Kxg7 Ke5 51. Bc6 Kd6 52. Be8 Ke7 53. Bc6 Nc4 54. Bb5 Nd6 55. Bc6 Nf5+ 56. Kg6 Nd4 57. Bd5 Kd6 58. Bf7 Ke5 59. Be8 Ke6 60. Bf7+ Ke7 61. Bg8 Ne6 62. Kf5 Nc5 63. a5 bxa5 64. Ke5 Nd7+ 65. Kd5 Nf6+ 66. Kc5 Nxg8 67. Kb5 Nf6 68. Kxa5 1/2-1/2

[Event "Cracovia Festival-A 2023"]
[Site "Krakow"]
[Date "2023.12.31"]
[Round "5.31"]
[White "Lehocz, Jozsef Jr."]
[Black "Turski, Bartlomiej"]
[Result "1/2-1/2"]
[ECO "B22"]
[WhiteElo "2116"]
[BlackElo "2380"]
[Annotator "RC"]
[PlyCount "53"]
[EventDate "2023.12.24"]
[EventType "swiss"]
[EventCountry "POL"]
[SourceTitle "playchess.com"]
[Source "ChessBase"]
[SourceQuality "1"]
[TimeControl "40/5400+30:1800+30"]

1. e4 c5 2. c3 Nf6 3. e5 Nd5 4. g3 d6 5. exd6 Nc6 6. Bg2 Qxd6 7. Ne2 e5 8. O-O Bg4 9. h3 Bh5 10. g4 Bg6 11. d4 exd4 12. cxd4 O-O-O 13. Nbc3 Nxc3 14. bxc3 Qc7 15. Be3 Bd6 16. Qa4 Bd3 17. Rfe1 Rhe8 18. dxc5 Bh2+ 19. Kh1 Be5 20. Nd4 Bxd4 21. cxd4 Be4 22. Rad1 Bxg2+ 23. Kxg2 Rd5 24. Bf4 Qd7 25. Bd6 Rxe1 26. Rxe1 Rxd4 27. Qb3 1/2-1/2

[Event "Cracovia Festival-A 2023"]
[Site "Krakow"]
[Date "2023.12.31"]
[Round "5.32"]
[White "Sofronie, Iulian"]
[Black "Gkavardinas, Antonios"]
[Result "1-0"]
[ECO "D00"]
[WhiteElo "2438"]
[BlackElo "2141"]
[Annotator "RC"]
[PlyCount "103"]
[EventDate "2023.12.24"]
[EventType "swiss"]
[EventCountry "POL"]
[SourceTitle "playchess.com"]
[Source "ChessBase"]
[SourceQuality "1"]
[TimeControl "40/5400+30:1800+30"]

1. d4 d5 2. Bf4 Nf6 3. e3 c5 4. c3 Nc6 5. Nd2 Bf5 6. Ngf3 e6 7. Qb3 Qb6 8. Qxb6 axb6 9. Bb5 Nd7 10. O-O Be7 11. Rfe1 O-O 12. h3 h6 13. a3 Rfc8 14. Rad1 Nf6 15. Bf1 c4 16. g4 Bh7 17. Bg2 Ra5 18. Bf1 Kf8 19. Ne5 Nxe5 20. Bxe5 Nd7 21. Bg3 Raa8 22. e4 b5 23. exd5 exd5 24. Bg2 Nf6 25. Be5 Rd8 26. Nf1 Rd7 27. Ne3 Rad8 28. f3 Bd3 29. Kf2 Ne8 30. Bg3 Bd6 31. h4 g5 32. Rh1 Bxg3+ 33. Kxg3 Kg7 34. hxg5 hxg5 35. f4 Nc7 36. fxg5 Ne6 37. Rh5 Bg6 38. Nf5+ Kg8 39. Rh6 Nxg5 40. Rdh1 Nh7 41. Bxd5 Rxd5 42. Ne7+ Kg7 43. Nxg6 Ng5 44. Ne7 Ne4+ 45. Kf4 Nf2 46. R1h2 Nd3+ 47. Kg3 Rg5 48. Nf5+ Kf8 49. Rb6 Rd7 50. Rxb5 Rc7 51. Rd5 Rc8 52. Rh8+ 1-0

[Event "Cracovia Festival-A 2023"]
[Site "Krakow"]
[Date "2023.12.31"]
[Round "5.33"]
[White "Szczurek, Krzysztof"]
[Black "Loftgaard, Mikkel Vinh"]
[Result "1-0"]
[ECO "B51"]
[WhiteElo "2175"]
[BlackElo "2322"]
[Annotator "RC"]
[PlyCount "61"]
[EventDate "2023.12.24"]
[EventType "swiss"]
[EventCountry "POL"]
[SourceTitle "playchess.com"]
[Source "ChessBase"]
[SourceQuality "1"]
[TimeControl "40/5400+30:1800+30"]

1. e4 c5 2. Nf3 d6 3. Bb5+ Nd7 4. c3 Ngf6 5. Qe2 a6 6. Ba4 b5 7. Bc2 c4 8. b3 Qc7 9. bxc4 bxc4 10. a4 Bb7 11. Na3 Rc8 12. O-O e6 13. Rb1 d5 14. e5 Ng8 15. Nd4 g6 16. f4 Bc5 17. Kh1 Bxd4 18. cxd4 h5 19. Bb2 Ne7 20. Bc3 Nb8 21. Bb4 Nbc6 22. Bc5 Nf5 23. Bxf5 exf5 24. Rb6 Nd8 25. e6 Bc6 26. Rxa6 Nxe6 27. Nb5 Bxb5 28. axb5 Rb8 29. Rxe6+ fxe6 30. Qxe6+ Kd8 31. Qf6+ 1-0

[Event "Cracovia Festival-A 2023"]
[Site "Krakow"]
[Date "2023.12.31"]
[Round "5.34"]
[White "Babiarz, Arkadiusz"]
[Black "Yezhel, Valiantsin"]
[Result "1-0"]
[ECO "B27"]
[WhiteElo "2129"]
[BlackElo "2311"]
[Annotator "RC"]
[PlyCount "121"]
[EventDate "2023.12.24"]
[EventType "swiss"]
[EventCountry "POL"]
[SourceTitle "playchess.com"]
[Source "ChessBase"]
[SourceQuality "1"]
[TimeControl "40/5400+30:1800+30"]

1. e4 c5 2. Nf3 g6 3. c3 d5 4. exd5 Qxd5 5. d4 Bg7 6. Nbd2 cxd4 7. Bc4 Qd8 8. Nxd4 Nf6 9. O-O O-O 10. N2f3 a6 11. a4 Qc7 12. Ba2 e5 13. Nc2 Nc6 14. Re1 Bg4 15. Bg5 e4 16. Bxf6 exf3 17. Ne3 h5 18. Bxg7 Kxg7 19. h3 Bxh3 20. gxh3 Qf4 21. Bd5 Ne5 22. Qd4 Qg5+ 23. Kh1 Rad8 24. Rg1 Qf6 25. Rae1 Rfe8 26. h4 Kh7 27. Rg5 Qe7 28. Reg1 f6 29. R5g3 f5 30. Rg5 Rd6 31. Qf4 Nd3 32. Qxf3 Nxf2+ 33. Qxf2 Qxe3 34. Qxe3 Rxe3 35. c4 Rh3+ 36. Kg2 Rxh4 37. Kf3 Rb6 38. c5 Rxb2 39. Rxg6 Rg4 40. R6xg4 fxg4+ 41. Kg3 Kg6 42. Re1 Kf5 43. Re7 Kf6 44. Rxb7 Rc2 45. c6 Kg5 46. Rg7+ Kf6 47. Rg6+ Kf5 48. Rg7 Rc3+ 49. Kf2 h4 50. c7 h3 51. Bb7 g3+ 52. Ke2 Kf6 53. c8=Q Rxc8 54. Bxc8 h2 55. Bb7 Kxg7 56. Bh1 Kf6 57. Kf3 Ke5 58. Kxg3 Kd4 59. Kxh2 Kc5 60. Kg3 a5 61. Kf4 1-0

[Event "Cracovia Festival-A 2023"]
[Site "Krakow"]
[Date "2023.12.31"]
[Round "5.35"]
[White "Kyc, Jerzy"]
[Black "Zarnowski, Krzysztof"]
[Result "1/2-1/2"]
[ECO "C06"]
[WhiteElo "2304"]
[BlackElo "2114"]
[Annotator "RC"]
[PlyCount "40"]
[EventDate "2023.12.24"]
[EventType "swiss"]
[EventCountry "POL"]
[SourceTitle "playchess.com"]
[Source "ChessBase"]
[SourceQuality "1"]
[TimeControl "40/5400+30:1800+30"]

1. e4 e6 2. d4 d5 3. Nd2 Nf6 4. e5 Nfd7 5. Bd3 c5 6. c3 Nc6 7. Ne2 cxd4 8. cxd4 f6 9. exf6 Nxf6 10. Nf3 Bd6 11. O-O Qc7 12. Nc3 a6 13. Bg5 O-O 14. Rc1 Ng4 15. h3 Nh2 16. Nxh2 Bxh2+ 17. Kh1 Bf4 18. Bxf4 Qxf4 19. Ne2 Qf6 20. f4 Bd7 1/2-1/2

[Event "Cracovia Festival-A 2023"]
[Site "Krakow"]
[Date "2023.12.31"]
[Round "5.36"]
[White "Flak, Pawel"]
[Black "Meurs, Tom"]
[Result "0-1"]
[ECO "E04"]
[WhiteElo "2145"]
[BlackElo "2290"]
[Annotator "RC"]
[PlyCount "66"]
[EventDate "2023.12.24"]
[EventType "swiss"]
[EventCountry "POL"]
[SourceTitle "playchess.com"]
[Source "ChessBase"]
[SourceQuality "1"]
[TimeControl "40/5400+30:1800+30"]

1. d4 Nf6 2. Nf3 e6 3. c4 d5 4. g3 dxc4 5. Bg2 c5 6. Qa4+ Nbd7 7. O-O a6 8. Nc3 Be7 9. dxc5 Bxc5 10. Qxc4 b5 11. Qd3 Bb7 12. a3 Qe7 13. e4 h6 14. e5 Ng4 15. Qe2 Rd8 16. Bf4 g5 17. Ne1 Bxg2 18. Kxg2 h5 19. Bc1 Ngxe5 20. Ne4 f6 21. Bd2 h4 22. Nxc5 Nxc5 23. Bb4 Qb7+ 24. Kg1 Ncd3 25. f3 Qa7+ 26. Rf2 hxg3 27. hxg3 Nxf2 28. Kg2 Nfd3 29. Nxd3 Rxd3 30. Rc1 Qd7 31. Qe4 Rd2+ 32. Kg1 Qd4+ 33. Qxd4 Nxf3+ 0-1

[Event "Cracovia Festival-A 2023"]
[Site "Krakow"]
[Date "2023.12.31"]
[Round "5.37"]
[White "Biesiadecki, Adam"]
[Black "Gierulski, Kamil"]
[Result "0-1"]
[ECO "E32"]
[WhiteElo "2102"]
[BlackElo "2223"]
[Annotator "RC"]
[PlyCount "102"]
[EventDate "2023.12.24"]
[EventType "swiss"]
[EventCountry "POL"]
[SourceTitle "playchess.com"]
[Source "ChessBase"]
[SourceQuality "1"]
[TimeControl "40/5400+30:1800+30"]

1. d4 Nf6 2. c4 e6 3. Nc3 Bb4 4. Qc2 O-O 5. Nf3 d5 6. Bg5 c5 7. e3 cxd4 8. exd4 dxc4 9. Bxc4 Nc6 10. Rd1 Bd7 11. O-O Bxc3 12. bxc3 Ne7 13. Bd3 Kh8 14. Ne5 Rc8 15. Rb1 b6 16. Rfc1 Ng6 17. Bxg6 fxg6 18. Nxd7 Qxd7 19. Bxf6 gxf6 20. Qb3 Rc6 21. Re1 Rfc8 22. Re3 Qd5 23. Qxd5 exd5 24. Rb3 Kg8 25. Kf1 Kf7 26. Ke2 Re6 27. Rxe6 Kxe6 28. Kd3 Kd7 29. Rb2 Re8 30. c4 dxc4+ 31. Kxc4 Kc6 32. Kd3 Re1 33. f3 h5 34. Kd2 Ra1 35. Kd3 a6 36. h3 b5 37. Rc2+ Kd6 38. Ke3 Rb1 39. Kd3 a5 40. Ke3 a4 41. Kd3 h4 42. a3 Ra1 43. Rc8 Rxa3+ 44. Ke4 b4 45. Rb8 b3 46. Rb6+ Kc7 47. Rb4 Ra2 48. Kd5 b2 49. Ke6 a3 50. d5 Ra1 51. d6+ Kc6 0-1